 Dungeon Crawl Stone Soup version 0.17.1-3-g152610e (webtiles) character file.

13138 Peloso the Blocker (level 11, -10/100 HPs)
             Began as a Minotaur Fighter on Mar 26, 2016.
             Was a High Priest of Okawaru.
             Mangled by Gastronok (33 damage)
             ... on level 11 of the Dungeon.
             The game lasted 00:31:31 (9970 turns).

Peloso the Blocker (Minotaur Fighter)               Turns: 9970, Time: 00:31:32

Health: -10/100    AC: 15    Str: 22    XL:     11   Next: 71%
Magic:  11/11      EV: 11    Int:  5    God:    Okawaru [*****.]
Gold:   830        SH: 13    Dex: 12    Spells: 0 memorised, 10 levels left

rFire  . . .     SeeInvis +     a - +0 long sword
rCold  . . .     Clarity  .     C - +0 chain mail
rNeg   . . .     SustAt   .     c - +0 shield
rPois  .         Gourm    .     (helmet restricted)
rElec  .         Spirit   .     (no cloak)
rCorr  .         Warding  .     (no gloves)
rMut   .         Stasis   .     z - +2 pair of boots
MR     +....                    A - amulet of rage
Stlth  ..........               O - ring of see invisible (curse)
                                l - ring of protection from magic

@: very slightly contaminated, hasted and slowed, somewhat resistant to hostile
enchantments, extremely unstealthy
A: retaliatory headbutt, horns 2
a: Heroism, Finesse, Renounce Religion, Evoke Berserk Rage


You were on level 11 of the Dungeon.
You worshipped Okawaru.
Okawaru was extremely pleased with you.
You were hungry.

You visited 2 branches of the dungeon, and saw 12 of its levels.
You also visited: Ossuary.

You collected 830 gold pieces.

Inventory:

Hand Weapons
 a - a +0 long sword (weapon)
 d - a +0 scythe of flaming
 D - the +3 dagger of War {drain, rF+}
   (You found it on level 4 of the Dungeon)

   A truly terrible weapon, it drains the life of those it strikes.
   It protects you from fire.
 G - a +0 whip of flaming
 N - the +0 dagger "Leonwo" {elec, rF+ Int+3}
   (You took it off a deep elf mage on level 9 of the Dungeon)

   Occasionally, upon striking a foe, it will discharge some electrical energy
   and cause terrible harm.
   It affects your intelligence (+3).
   It protects you from fire.
Armour
 c - a +0 shield (worn)
 z - a +2 pair of boots (worn)
 C - a +0 chain mail (worn)
Jewellery
 f - an uncursed amulet of resist corrosion
 l - a ring of protection from magic (left hand)
 r - an uncursed ring of flight
 A - an amulet of rage (around neck)
 M - a +3 ring of evasion
 O - a cursed ring of see invisible (right hand)
Wands
 n - a wand of random effects (22)
 w - a wand of flame (26)
 K - a wand of polymorph (12)
Scrolls
 i - 4 scrolls of enchant armour
 k - 3 scrolls of amnesia
 p - a scroll of fog
 s - 2 scrolls of remove curse
 x - 3 scrolls of recharging {unknown}
 y - 5 scrolls of teleportation {unknown}
 B - 4 scrolls of noise {unknown}
 E - 2 scrolls of fear {unknown}
 F - 2 scrolls of blinking {unknown}
 I - 2 scrolls of magic mapping
 Q - a scroll of identify
Potions
 g - a potion of cancellation
 o - 3 potions of haste
 q - a potion of agility
 u - 2 potions of heal wounds
 v - a potion of invisibility
 J - 5 potions of flight
 L - a potion of brilliance
Books
 t - a book of Annihilations

   Spells                             Type                      Level
   a - Poison Arrow                   Conjuration/Poison           6
   b - Chain Lightning                Conjuration/Air              8
   c - Lehudib's Crystal Spear        Conjuration/Earth            8
   d - Glaciate                       Conjuration/Ice              9
   e - Fire Storm                     Conjuration/Fire             9
Comestibles
 b - 2 chunks of flesh
 e - 12 bread rations
 h - 3 slices of pizza
 j - 6 beef jerkies
 m - 4 meat rations
 P - a royal jelly


   Skills:
 + Level 10.2 Fighting
 + Level 10.7 Long Blades
 + Level 10.4 Armour
 + Level 7.6 Dodging
 + Level 1.5 Stealth
 + Level 12.1 Shields
 + Level 1.7 Invocations


You had 10 spell levels left.
You didn't know any spells.

Dungeon Overview and Level Annotations

Branches:
Dungeon (11/15)            Temple (1/1) D:5            Lair (0/8) D:9
    Orc: D:9-12

Altars:
Cheibriados
Dithmenos
Elyvilon
Fedhas
Gozag
Kikubaaqudgha
Makhleb
Nemelex Xobeh
Okawaru
Qazlal
Ru
Sif Muna
Vehumet
Xom
Yredelemnul
Zin
The Shining One
Beogh

Shops:
D:5 (   D:6 !   D:8 :

Annotations:
D:11 Gastronok


Innate Abilities, Weirdness & Mutations

You reflexively headbutt those who attack you in melee.
You have a pair of horns on your head.


Message History

Gastronok completely misses you. You furiously retaliate!
You headbutt Gastronok! You slash Gastronok!
You headbutt Gastronok, but do no damage.
Gastronok is severely wounded.
You slash Gastronok!
Gastronok is severely wounded.
You slash Gastronok!
Gastronok is severely wounded.
Gastronok's eyestalks quiver as he mumbles some strange words.
Gastronok seems to move somewhat quicker.
You slice Gastronok!!
Gastronok is almost dead.
You hit Gastronok.
You headbutt Gastronok, but do no damage.
Gastronok is almost dead.
Your extra speed is starting to run out.
You are feeling hungry.
Gastronok bites you!!
You die...

.# #..###. #.##.# .# #.
#...... #.##.# .# # .. ..
..# #.##.##.#.# ># #. #.#
#.##.#....# .#
#.##.####..#......# .####
#.................# ....#
#........rr..w....#
..#.####.....###w###..(##
.....###.###.# #@# ##.#
..#......# #.# #.# .#
###..###.###.###.# #
#..............#
#..############# #..#
#..# #..# #..#


You could see Gastronok and 2 river rats.

Vanquished Creatures
  Urug (D:10)
  An unseen horror (D:10)
  Pikel (D:6)
  A hill giant (D:10)
  An ugly thing (D:11)
  Joseph (D:7)
  A troll (D:10)
  A two-headed ogre (D:9)
  The ghost of shizyaka the Slinger, an amateur HaHu (D:4)
  Sigmund (D:6)
  3 deep elf magi
  21 yaks
  A hippogriff (D:10)
  4 orc warriors
  A slave (D:6)
  6 ice beasts
  2 black bears
  8 ogres
  3 sky beasts
  A wasp (D:10)
  7 centaurs
  3 phantoms
  A gnoll sergeant (D:9)
  3 giant frogs
  A water moccasin skeleton (D:10)
  2 scorpions
  10 killer bees
  7 hounds
  A quasit (D:9)
  2 centaur skeletons
  9 crimson imps
  5 orc priests
  5 jellies
  A centaur zombie (D:10)
  A giant frog zombie (D:6)
  2 giant frog skeletons
  Terence (D:3)
  3 iguanas
  10 orc wizards
  Natasha (thrice) (D:3)
  4 worker ants
  3 big kobold zombies (Ossuary)
  A hound skeleton (D:9)
  3 mummies
  A worker ant zombie (D:5)
  9 adders
  5 gnolls (D:9)
  A shadow imp (D:8)
  An ooze (D:7)
  6 worms
  4 giant geckos
  51 orcs
  5 giant cockroaches
  5 goblins
  7 hobgoblins
  21 jackals
  11 kobolds
  3 quokkas
  3 ball pythons
  12 bats
  A giant gecko skeleton (D:5)
  7 giant newts
  5 gnoll zombies (Ossuary)
  2 hobgoblin zombies (Ossuary)
  A jackal skeleton (D:5)
  4 orc zombies (Ossuary)
  A quokka skeleton (D:10)
  12 rats
  A bush (D:3)
327 creatures vanquished.

Vanquished Creatures (others)
  A crimson imp (D:6)
1 creature vanquished.

Grand Total: 328 creatures vanquished

Notes
Turn   | Place    | Note
--------------------------------------------------------------
     0 | D:1      | Peloso the Minotaur Fighter began the quest for the Orb.
     0 | D:1      | Reached XP level 1. HP: 19/19 MP: 0/0
    21 | D:1      | Reached skill level 4 in Fighting
    97 | D:1      | Reached XP level 2. HP: 16/27 MP: 1/1
   601 | D:1      | Reached XP level 3. HP: 29/33 MP: 2/2
  1058 | D:2      | Reached skill level 1 in Dodging
  1207 | D:2      | Reached XP level 4. HP: 36/41 MP: 3/3
  1460 | D:3      | Noticed Natasha
  1473 | D:3      | Killed Natasha
  1502 | D:3      | Noticed Terence
  1514 | D:3      | Killed Terence
  1514 | D:3      | Reached XP level 5. HP: 27/47 MP: 4/4
  1648 | D:3      | Found a basalt altar of Yredelemnul.
  1902 | D:3      | Noticed Natasha
  1911 | D:3      | Killed Natasha
  2142 | D:3      | Noticed Natasha
  2149 | D:3      | Killed Natasha
  2448 | D:4      | Found a blossoming altar of Fedhas.
  2451 | D:4      | Got a bloodstained dagger
  2452 | D:4      | Identified the cursed +3 dagger of War {drain, rF+} (You found it on level 4 of the Dungeon)
  2513 | D:4      | Noticed shizyaka's ghost (amateur HaHu)
  2539 | D:4      | Killed shizyaka's ghost
  2539 | D:4      | Reached skill level 5 in Fighting
  2539 | D:4      | Reached skill level 5 in Armour
  2539 | D:4      | Reached XP level 6. HP: 33/56 MP: 5/5
  2581 | D:4      | Noticed an ogre
  2596 | D:4      | Killed an ogre
  2596 | D:4      | Reached skill level 5 in Shields
  2680 | D:4      | Found a glowing golden altar of the Shining One.
  2698 | D:4      | Reached XP level 7. HP: 51/61 MP: 6/6
  2709 | D:4      | Noticed an ogre
  2714 | D:4      | Killed an ogre
  3058 | D:4      | Found a shimmering altar of Xom.
  3151 | D:5      | Entered Level 5 of the Dungeon
  3196 | D:5      | Reached skill level 6 in Armour
  3428 | D:5      | Reached skill level 5 in Long Blades
  3620 | D:5      | Found Ufomuc's Weapon Emporium.
  3639 | D:5      | Reached XP level 8. HP: 66/70 MP: 7/7
  3680 | D:5      | Found a staircase to the Ecumenical Temple.
  3755 | Temple   | Entered the Ecumenical Temple
  3786 | Temple   | Became a worshipper of Warmaster Okawaru
  3920 | D:6      | Noticed Sigmund
  3924 | D:6      | Killed Sigmund
  3926 | D:6      | Reached skill level 7 in Shields
  4072 | D:6      | Noticed Pikel
  4096 | D:6      | Killed Pikel
  4096 | D:6      | Reached * piety under Okawaru
  4096 | D:6      | Reached skill level 5 in Dodging
  4096 | D:6      | Reached XP level 9. HP: 57/79 MP: 8/8
  4113 | D:6      | Found Mucecogrya's Distillery.
  4147 | D:6      | Found a sparkling altar of Nemelex Xobeh.
  4183 | D:6      | Reached skill level 8 in Shields
  4242 | D:6      | Found a sand-covered staircase.
  4251 | Ossuary  | Entered an ossuary
  4521 | D:6      | Reached ** piety under Okawaru
  4551 | D:7      | Found an ancient bone altar of Kikubaaqudgha.
  4918 | D:7      | Found a stormy altar of Qazlal.
  4948 | D:7      | Reached skill level 1 in Stealth
  5233 | D:7      | Noticed Joseph
  5244 | D:7      | Killed Joseph
  5244 | D:7      | Reached *** piety under Okawaru
  5405 | D:8      | Reached skill level 9 in Shields
  5975 | D:8      | Reached XP level 10. HP: 76/90 MP: 9/9
  6308 | D:8      | Reached **** piety under Okawaru
  6408 | D:8      | Found Eheitz's Book Shoppe.
  7097 | D:9      | Found a staircase to the Lair.
  7168 | D:9      | Reached skill level 10 in Shields
  7246 | D:9      | Reached ***** piety under Okawaru
  7517 | D:9      | Reached skill level 1 in Invocations
  7986 | D:9      | Reached skill level 11 in Shields
  8016 | D:9      | Got a polished dagger {elec}
  8017 | D:9      | Identified the cursed +0 dagger "Leonwo" {elec, rF+ Int+3} (You took it off a deep elf mage on level 9 of the Dungeon)
  8154 | D:10     | Entered Level 10 of the Dungeon
  8188 | D:10     | Reached XP level 11. HP: 68/97 MP: 10/10
  8571 | D:10     | Reached skill level 10 in Long Blades
  8652 | D:10     | Noticed a hill giant
  8669 | D:10     | Killed a hill giant
  8760 | D:10     | Killed an unseen horror
  8760 | D:10     | Reached skill level 10 in Armour
  8945 | D:10     | Noticed Urug
  8973 | D:10     | Killed Urug
  8973 | D:10     | Received a gift from Okawaru
  9553 | D:10     | Found a roughly hewn altar of Beogh.
  9576 | D:10     | Reached skill level 10 in Fighting
  9835 | D:11     | Reached skill level 12 in Shields
  9909 | D:11     | Noticed Gastronok
  9932 | D:11     | HP: 2/99 [green ugly thing (5)]
  9970 | D:11     | Mangled by Gastronok

Action                   |  1- 3 |  4- 6 |  7- 9 | 10-12 || total
-------------------------+-------+-------+-------+-------++-------
Melee: Long sword        |    89 |   226 |   407 |   624 ||  1346
Invok: Heroism           |       |       |       |     8 ||     8
       Finesse           |       |       |       |     1 ||     1
  Use: Scroll            |       |     7 |       |    13 ||    20
       Potion            |       |     1 |     1 |     6 ||     8
 Stab: Distracted        |       |       |       |     1 ||     1
  Eat: Chunk             |     1 |     5 |    11 |    13 ||    30
       Fruit             |       |       |       |     2 ||     2
